 Dungeon Crawl Stone Soup version 0.27-a0-346-ga689d4a613 (webtiles) character file.

Game seed: 2813857109438124135

10763 mobtown the Dealer of Despair (level 11, -7/59 HPs)
             Began as a Deep Elf Necromancer on Feb 15, 2021.
             Was an Elder of Kikubaaqudgha.
             Mangled by a red ugly thing (17 damage)
             ... on level 11 of the Dungeon.
             The game lasted 01:02:13 (12568 turns).

mobtown the Dealer of Despair (DENe)               Turns: 12568, Time: 01:02:14

Health: -7/59      AC: 11    Str:  5    XL:     11   Next: 40%
Magic:  12/28      EV: 15    Int: 30    God:    Kikubaaqudgha [****..]
Gold:   867        SH:  0    Dex: 15    Spells: 11/33 levels left

rFire    . . .     SeeInvis .   b - +6 rapier (elec)
rCold    . . .     Faith    .   (no shield)
rNeg     . . .     Spirit   .   c - +3 steam dragon scales
rPois    .         Reflect  .   (no helmet)
rElec    .         Harm     .   n - +0 cloak
rCorr    .         Rampage  .   w - +0 pair of gloves "Xulocs" {*Corrode Will++ Regen+ Stlth-}
Will     +++..                  f - +0 pair of boots
Stlth    ++........             l - amulet of regeneration
HPRegen  2.19/turn              e - ring of wizardry
MPRegen  0.21/turn              g - +6 ring of intelligence

@: lethally poisoned (-7 -> -7), confusing touch
A: no striking features
a: Renounce Religion, Receive Corpses


You were on level 11 of the Dungeon.
You worshipped Kikubaaqudgha.
Kikubaaqudgha was greatly pleased with you.
You visited 3 branches of the dungeon, and saw 13 of its levels.
You also visited: Ossuary and Bailey.

You collected 867 gold pieces.

Inventory:

Hand Weapons
 b - a +6 rapier of electrocution (weapon)
 v - a +2 flail of draining
Missiles
 d - 256 stones
 j - 127 arrows
Armour
 c - +3 steam dragon scales (worn)
 f - a +0 pair of boots (worn)
 n - a +0 cloak (worn)
 w - the +0 pair of gloves "Xulocs" (worn) {*Corrode Will++ Regen+ Stlth-}
   (You found it in a bailey)

   It affects your willpower, your defense against some magical effects.
   It increases your rate of regeneration.
   It may corrode you when you take damage.
   It makes you less stealthy.
 x - a +2 robe of cold resistance
Jewellery
 e - a ring of wizardry (left hand)
 g - a +6 ring of intelligence (right hand)
 h - an amulet of guardian spirit
 l - an amulet of regeneration (around neck)
Wands
 o - a wand of digging (4)
 p - a wand of acid (8)
 r - a wand of random effects (7)
 y - a wand of flame (19)
Scrolls
 k - a scroll of amnesia
 q - a scroll of magic mapping
 s - a scroll of torment {unknown}
 D - 2 scrolls of teleportation
Potions
 a - a potion of brilliance
 i - 3 potions of curing
 m - 3 potions of resistance
 u - a potion of cancellation
 z - 3 potions of heal wounds
 A - a potion of flight


   Skills:
 + Level 2.7 Fighting
 + Level 6.1(6.7) Short Blades
 * Level 3.6(5.1) Long Blades
 + Level 5.3 Dodging
 + Level 5.8 Stealth
 + Level 11.9 Spellcasting
 + Level 2.6 Hexes
 * Level 14.2 Necromancy


You had 11 spell levels left.
You knew the following spells:

 Your Spells              Type           Power        Failure   Level
a - Pain                  Necr           100%         0%          1
b - Animate Skeleton      Necr           100%         0%          1
c - Vampiric Draining     Necr           40%          1%          3
d - Animate Dead          Necr           40%          1%          4
e - Dispel Undead         Necr           80%          1%          4
f - Death Channel         Necr           40%          1%          6
g - Confusing Touch       Hex            34%          1%          3

Your spell library contained the following spells:

 Spells                   Type           Power        Failure   Level
 Sublimation of Blood     Necr           40%          0%          2
 Agony                    Necr           80%          1%          5
 Excruciating Wounds      Necr           40%          1%          5
 Gell's Gravitas          Tloc           8%           3%          3
 Petrify                  Tmut/Erth      17%          12%         4
 Metabolic Englaciation   Hex/Ice        12%          19%         5
 Yara's Violent Unravell  Hex/Tmut       12%          19%         5


Dungeon Overview and Level Annotations

Branches:
Dungeon (11/15)            Temple (1/1) D:6            Lair (1/6) D:9
Ossuary (visited)          Bailey (visited)
    Orc: D:9-12

Altars:
Ashenzari
Cheibriados
Dithmenos
Elyvilon
Fedhas
Gozag
Hepliaklqana
Kikubaaqudgha
Makhleb
Nemelex Xobeh
Okawaru
Qazlal
Ru
Sif Muna
Trog
Uskayaw
Vehumet
Wu Jian
Xom
Yredelemnul
Zin
The Shining One


Message History

You feel sick.
The vampire mosquito bites you but does no damage.
You puncture the vampire mosquito!
You destroy the vampire mosquito!
Kikubaaqudgha accepts your kill.
Your life force feels restored.
You hit the centaur warrior zombie.
The centaur warrior zombie is lightly damaged.
You feel sick. The centaur warrior zombie misses you.
Casting: Dispel Undead (safe; 1% risk of failure)
Confirm with . or Enter, or press ? or * to list all spells.
Aiming: Dispel Undead (safe; 1% risk of failure)
Press: ? - help, Shift-Dir - straight line, f - centaur warrior zombie
Aim: a centaur warrior zombie (lightly damaged, 0% to evade)
The centaur warrior zombie is dispelled!!!
You feel sick. The centaur warrior zombie misses you.
Casting: Dispel Undead (safe; 1% risk of failure)
Confirm with . or Enter, or press ? or * to list all spells.
You can't see any susceptible monsters within range! (Use Z to cast anyway.)
Casting: Dispel Undead (safe; 1% risk of failure)
Confirm with . or Enter, or press ? or * to list all spells.
Your hands begin to glow red.
The red ugly thing misses you.
You hit the red ugly thing but do no damage.
You feel sick.
You hit the red ugly thing but do no damage.
The red ugly thing kicks you!
You are engulfed in flames!
You barely miss the red ugly thing.
You feel sick. The red ugly thing kicks you!
You are engulfed in flames!!
* * * LOW HITPOINT WARNING * * *
Casting: Confusing Touch (safe; 1% risk of failure)
Confirm with . or Enter, or press ? or * to list all spells.
Aiming: Vampiric Draining (safe; 1% risk of failure)
Press: ? - help, Shift-Dir - straight line, f - red ugly thing, p - centaur warrior zombie
Aim: a red ugly thing (chance to confuse on hit: 45%)
The red ugly thing is lightly wounded.
You feel life coursing into your body. The red ugly thing kicks you!
* * * LOW HITPOINT WARNING * * *
You are engulfed in flames!
You die...
Kikubaaqudgha rasps: "You have failed me!
Welcome... death!"

≈≈. .≈≈ #..#####
≈≈≈
≈.♣..####.......
.. ..
#.......#####
###.
.########..#
...#...........#
#...########.##
#Z# #.#### #u#
#....# #@#
####.# #.# #.#
#.# #.# #.#
#####.### #.####
#....>... #....#
#.###.... ####.#
#.# ##### #.#
#.# # #.# #.# ##


You could see a red ugly thing and a centaur warrior zombie.

Vanquished Creatures
  A two-headed ogre (D:9)
  Pikel (D:7)
  3 orc knights (Bailey)
  A cyclops (D:10)
  Joseph (D:8)
  Maggie (D:8)
  Psyche (D:11)
  2 centaur skeletons
  2 trolls
  Eustachio (D:6)
  4 wyverns
  2 steam dragons
  A vampire mosquito (D:11)
  A water moccasin (D:9)
  2 black bears
  8 orc warriors
  An ice beast (D:10)
  4 sky beasts
  3 eyes of draining
  4 ogres
  A lemure (D:7)
  A phantom (D:6)
  An elf zombie (Ossuary)
  6 bullfrogs
  A wyvern zombie (D:10)
  2 gnoll sergeants
  5 scorpions
  8 wights
  A bullfrog zombie (D:9)
  4 centaur zombies
  A jelly (D:10)
  3 bullfrog skeletons
  3 hounds
  3 quasits
  2 orc priests
  3 human zombies (Ossuary)
  3 iguanas
  4 orc wizards
  Natasha (twice) (D:2)
  5 worker ants
  3 hound zombies (Ossuary)
  A hound skeleton (D:8)
  3 mummies (Ossuary)
  A howler monkey zombie (D:7)
  A worker ant zombie (D:8)
  12 gnolls
  9 adders
  A shadow imp (D:6)
  2 white imps
  3 ufetubi
  4 oozes
  3 adder zombies (Ossuary)
  2 worms
  3 dart slugs
  3 leopard geckos
  24 orcs
  A ball python (D:3)
  3 giant cockroaches
  A gnoll zombie (Ossuary)
  13 goblins
  7 hobgoblins
  8 jackals
  2 quokkas
  5 bats
  6 frilled lizards
  4 goblin zombies
  2 hobgoblin zombies (Ossuary)
  4 jackal zombies (Ossuary)
  7 kobolds
  5 kobold zombies (Ossuary)
  2 orc zombies (Ossuary)
  A quokka skeleton (D:8)
  5 quokka zombies
  5 rats
  2 rat zombies (Ossuary)
261 creatures vanquished.

Vanquished Creatures (collateral kills)
  A yak (D:9)
  A basilisk (D:9)
2 creatures vanquished.

Vanquished Creatures (others)
  A fungus (D:9)
  A plant (D:9)
2 creatures vanquished.

Grand Total: 265 creatures vanquished

Notes
Turn   | Place    | Note
-------+----------+-------------------------------------------
     0 | D:1      | mobtown the Deep Elf Necromancer began the quest for the
                  | Orb.
     0 | D:1      | Reached XP level 1. HP: 10/10 MP: 6/6
    76 | D:1      | Reached skill level 5 in Necromancy
    80 | D:1      | Reached XP level 2. HP: 8/15 MP: 1/8
  1022 | D:1      | Reached XP level 3. HP: 11/19 MP: 6/9
  1837 | D:2      | Reached skill level 6 in Necromancy
  2187 | D:2      | Reached XP level 4. HP: 22/24 MP: 8/11
  2697 | D:2      | Noticed Natasha
  2712 | D:2      | Killed Natasha
  3098 | D:3      | Reached XP level 5. HP: 28/28 MP: 9/13
  3468 | D:3      | Learned a level 1 spell: Animate Skeleton
  3472 | D:3      | Learned a level 3 spell: Vampiric Draining
  3477 | D:3      | Learned a level 4 spell: Animate Dead
  3731 | D:4      | Noticed a phantom
  3785 | D:4      | Reached skill level 5 in Spellcasting
  3785 | D:4      | Reached skill level 7 in Necromancy
  3851 | D:4      | Reached XP level 6. HP: 32/32 MP: 15/15
  4502 | D:5      | Entered Level 5 of the Dungeon
  4725 | D:2      | Noticed Natasha
  4729 | D:2      | Killed Natasha
  4867 | D:5      | Noticed a sky beast
  4874 | D:5      | Killed a sky beast
  5164 | D:5      | Reached skill level 8 in Necromancy
  5304 | D:5      | Reached XP level 7. HP: 35/36 MP: 16/18
  5528 | D:6      | Noticed a steam dragon
  5698 | D:6      | Found a broken altar of Ashenzari.
  5699 | D:6      | Found a shimmering blue altar of Sif Muna.
  5715 | D:6      | Found an iron altar of Okawaru.
  5915 | D:6      | Found a sacrificial altar of Ru.
  5929 | D:6      | Reached skill level 1 in Short Blades
  6153 | D:6      | Noticed Eustachio
  6163 | D:6      | Killed Eustachio
  6245 | D:6      | Killed a steam dragon
  6246 | D:6      | Reached skill level 9 in Necromancy
  6303 | D:6      | Reached XP level 8. HP: 40/42 MP: 20/20
  6428 | D:6      | Found a bloodstained altar of Trog.
  6566 | D:6      | Found a staircase to the Ecumenical Temple.
  6572 | Temple   | Entered the Ecumenical Temple
  6591 | Temple   | Became a worshipper of Kikubaaqudgha
  6742 | D:6      | Reached skill level 1 in Fighting
  6936 | D:7      | Reached skill level 10 in Necromancy
  7164 | D:7      | Found a flagged portal.
  7188 | Bailey   | Entered a bailey
  7253 | Bailey   | Reached * piety under Kikubaaqudgha
  7253 | Bailey   | Identified Kikubaaqudgha's Collected Works on Unholy Magic
                  | (Kikubaaqudgha gifted it to you in a bailey)
  7253 | Bailey   | Received a gift from Kikubaaqudgha
  7542 | Bailey   | Noticed an orc knight
  7542 | Bailey   | Noticed an orc knight
  7568 | Bailey   | Killed an orc knight
  7569 | Bailey   | Reached XP level 9. HP: 47/47 MP: 0/23
  7678 | Bailey   | Reached skill level 5 in Stealth
  7678 | Bailey   | Reached skill level 11 in Necromancy
  7825 | Bailey   | Killed an orc knight
  8001 | Bailey   | Got a pair of brightly glowing gloves
  8015 | Bailey   | Identified the +0 pair of gloves "Xulocs" {*Corrode Will++
                  | Regen+ Stlth-} (You found it in a bailey)
  8050 | Bailey   | Noticed an orc knight
  8060 | Bailey   | Killed an orc knight
  8061 | Bailey   | Reached skill level 10 in Spellcasting
  8061 | Bailey   | Reached skill level 12 in Necromancy
  8195 | D:7      | Noticed Pikel
  8215 | D:7      | Killed Pikel
  8592 | D:8      | Noticed Maggie
  8672 | D:8      | Reached XP level 10. HP: 51/52 MP: 26/26
  8677 | D:8      | Reached skill level 13 in Necromancy
  8699 | D:8      | Noticed Joseph
  8719 | D:8      | Killed Joseph
  8783 | D:8      | Found a hide-covered altar of Uskayaw.
  8831 | D:8      | Found a sand-covered staircase.
  8841 | D:8      | Reached ** piety under Kikubaaqudgha
  8846 | Ossuary  | Entered an ossuary
  9181 | Ossuary  | Reached *** piety under Kikubaaqudgha
  9181 | Ossuary  | Identified Kikubaaqudgha's Compendium of Stolen Souls
                  | (Kikubaaqudgha gifted it to you in an ossuary)
  9181 | Ossuary  | Received a gift from Kikubaaqudgha
  9193 | Ossuary  | Learned a level 4 spell: Dispel Undead
  9200 | Ossuary  | Learned a level 6 spell: Death Channel
  9298 | D:8      | Reached skill level 5 in Short Blades
  9403 | D:8      | Killed Maggie
  9404 | D:8      | Reached skill level 1 in Long Blades
  9572 | D:8      | Learned a level 3 spell: Confusing Touch
 10438 | D:9      | Found a staircase to the Lair.
 10581 | D:9      | Reached skill level 1 in Hexes
 11010 | D:9      | Found a glowing silver altar of Zin.
 11010 | D:9      | Noticed a two-headed ogre
 11021 | D:9      | Killed a two-headed ogre
 11022 | D:9      | Reached XP level 11. HP: 57/57 MP: 26/28
 11123 | Lair:1   | Entered Level 1 of the Lair of Beasts
 11140 | D:10     | Entered Level 10 of the Dungeon
 11350 | D:10     | Reached skill level 5 in Dodging
 11550 | D:10     | Reached **** piety under Kikubaaqudgha
 11702 | D:10     | Reached skill level 14 in Necromancy
 12166 | D:11     | Noticed Psyche
 12182 | D:11     | Killed Psyche
 12543 | D:11     | Noticed a red ugly thing
 12568 | D:11     | Mangled by a red ugly thing

Illustrated notes

Levels and vault maps discovered:
D:1:      minmay_arrival_plants_in_alcoves, layout_loops_ring
D:2:      layout_basic, uniq_natasha
D:3:      layout_rooms
D:4:      layout_loops_cross
D:5:      layout_loops_cross
D:6:      layout_basic, trog_eyes_of_draining, general_overflow_altar,
          chequers_temple_overflow_statue_of_worship, minmay_temple_entry_fiery,
          nicolae_ru_awakened_eye, uniq_eustachio
D:7:      layout_basic, enter_bailey_3, uniq_pikel
D:8:      layout_rooms, kennysheep_mini_moat, enter_ossuary_4, uniq_joseph,
          uniq_maggie
D:9:      layout_layer_cave, kennysheep_little_box, david_lair_generic
D:10:     layout_rooms, serial_glass, glass_columns_a, glass_columns_a,
          glass_columns_b, glass_columns_c, glass_columns_b, glass_columns_b,
          glass_columns_a, glass_columns_c, glass_columns_c, glass_columns_a,
          glass_columns_b, glass_columns_a, glass_columns_a, glass_columns_b,
          serial_park_tiny_1, abandoned_shop
D:11:     layout_loops_ring, serial_bayou_pond_b, uniq_psyche
Temple:   lightli_temple_of_artemis
Lair:1:   layout_cave_pods, beast_lair_carwin_10, grunt_megastairs_2

Skill      XL: |  1  2  3  4  5  6  7  8  9 10 11 |
---------------+----------------------------------+-----
Necromancy     | 5 6 7 8 9 10 12 13 14 | 14.2
Stealth        | 3 4 5 |  5.8
Spellcasting   | 4 5 6 7 8 10 11 | 11.9
Short Blades   | 1 3 5 6 |  6.1
Dodging        | 3 4 5 |  5.3
Fighting       | 1 2 |  2.7
Long Blades    | 2 3 |  3.6
Hexes          | 1 2 |  2.6

Action                   |  1- 3 |  4- 6 |  7- 9 | 10-12 || total
-------------------------+-------+-------+-------+-------++-------
Melee: Unarmed           |     4 |       |       |       ||     4
       Dagger            |     5 |    37 |    72 |       ||   114
       Rapier            |       |       |   164 |   483 ||   647
 Cast: Pain              |    57 |    98 |   121 |       ||   276
       Vampiric Draining |       |       |     7 |    30 ||    37
       Confusing Touch   |       |       |       |    33 ||    33
       Death Channel     |       |       |       |     2 ||     2
       Dispel Undead     |       |       |       |     4 ||     4
Evoke: Wand              |       |     1 |       |       ||     1
  Use: Scroll            |       |     9 |     6 |    10 ||    25
       Potion            |       |     5 |     1 |       ||     6
 Stab: Sleeping          |     4 |     3 |     3 |     1 ||    11
       Confused          |       |       |       |    20 ||    20
Armor: Robe              |     2 |    12 |    14 |       ||    28
       Skin              |       |     2 |       |       ||     2
       Steam dragon scal |       |       |    51 |   154 ||   205
Dodge: Dodged            |    14 |    43 |   146 |   325 ||   528

Table legend: (Time is in decaauts)
 A = Elapsed time spent in this place.
 B = Non-inter-level travel time spent in this place.
 C = Inter-level travel time spent in this place.
 D = Time resting spent in this place.
 E = Time spent auto-exploring this place.
 F = Levels seen in this place.
 G = Mean time per level.
                   A        B        C        D        E       F      G
               +--------+--------+--------+--------+--------+-----+--------+
         Total |  12546 |  12523 |     23 |   2499 |   6562 |  15 |  836.4 |
       Dungeon |  11116 |  11093 |     23 |   2164 |   6203 |  11 | 1010.5 |
        Temple |     38 |     38 |      0 |      0 |      0 |   1 |   38.0 |
          Lair |      1 |      1 |      0 |      0 |      0 |   1 |    1.0 |
       Ossuary |    389 |    389 |      0 |      0 |     47 |   1 |  389.0 |
        Bailey |    999 |    999 |      0 |    335 |    312 |   1 |  999.0 |
               +--------+--------+--------+--------+--------+-----+--------+

Top non-repeatable levels by time:
     D:1: 1636 daAuts
     D:2: 1312 daAuts
     D:6: 1231 daAuts
     D:8: 1097 daAuts
     D:9: 1082 daAuts
  Bailey: 999 daAuts
     D:4: 999 daAuts
    D:10: 976 daAuts
     D:7: 827 daAuts
     D:3: 824 daAuts
     D:5: 716 daAuts
    D:11: 411 daAuts
 Ossuary: 389 daAuts
  Temple: 38 daAuts
  Lair:1: 1 daAuts
